 Dungeon Crawl Stone Soup version 0.30-a0-121-gb27577e5d9 (webtiles) character file.

Game seed: 11239320103568213726

100 Zonian the Digger (level 4, -2/24 HPs)
             Began as a Gargoyle Earth Elementalist on Sept 15, 2022.
             Slain by a gnoll
             ... wielding a +0 spear
              (3 damage)
             ... on level 2 of the Dungeon.
             The game lasted 00:03:51 (3175 turns).

Zonian the Digger (Gargoyle Earth Elementalist)     Turns: 3175, Time: 00:03:51

Health: -2/24      AC:  9    Str: 12    XL:     4   Next: 74%
Magic:  12/16      EV: 12    Int: 17    God:
Gold:   126        SH:  0    Dex: 10    Spells: 4/8 levels left

rFire   . . .      SeeInvis .    o - +0 dagger (drain)
rCold   . . .      Faith    .    (no shield)
rNeg    + . .      Spirit   .    a - +0 robe
rPois   ∞          Reflect  .    t - +0 helmet
rElec   +          Harm     .    g - +0 cloak
rCorr   .          Rampage  .    f - +1 pair of gloves
Will    .....                    (no boots)
Stlth   ++........               (no amulet)
HPRegen 0.08/turn                v - ring of magical power
MPRegen 0.15/turn                (no ring)

@: no status effects
A: sickness immunity, AC +3, negative energy resistance 1, electricity
resistance, torment resistance 1, petrification resistance
a: no special abilities


You were on level 2 of the Dungeon.
You visited 1 branch of the dungeon, and saw 2 of its levels.

You collected 126 gold pieces.

Inventory:

Hand Weapons
 d - a +0 dagger
 i - a +0 whip
 o - a +0 dagger of draining (weapon)
 x - a +0 sling
Missiles
 k - 5 poisoned darts
 m - 5 curare-tipped darts
 n - 4 boomerangs
Armour
 a - a +0 robe (worn)
 f - a +1 pair of gloves (worn)
 g - a +0 cloak (worn)
 s - a +0 animal skin
 t - a +0 helmet (worn)
Jewellery
 v - a ring of magical power (left hand)
Wands
 u - a wand of charming (12)
Scrolls
 e - a scroll of fear {unknown}
 j - 2 scrolls of teleportation {unknown}
 l - a scroll of vulnerability {unknown}
 r - a scroll of identify {unknown}
 w - a scroll of butterflies {unknown}
 y - a scroll of immolation {unknown}
Potions
 b - a potion of magic
 c - 3 potions of degeneration {unknown}
 h - a potion of cancellation {unknown}
 p - a potion of flight {unknown}
 q - a potion of mutation {unknown}
 z - 2 potions of ambrosia {unknown}


   Skills:
 + Level 2.2 Dodging
 + Level 3.2 Stealth
 + Level 2.6 Spellcasting
 + Level 0.4 Conjurations
 - Level 1.4 Transmutations
 + Level 4.3 Earth Magic


You had 4 spell levels left.
You knew the following spells:

 Your Spells              Type           Power      Damage    Failure   Level
a - Sandblast             Erth           32%        2d9       3%          1
b - Stone Arrow           Conj/Erth      20%        3d8       21%         3

Your spell library contained the following spells:

 Spells                   Type           Power      Damage    Failure   Level
 Passwall                 Tmut/Erth      10%        N/A       9%          2
 Foxfire                  Conj/Fire      12%        2x1d4     17%         1
 Ensorcelled Hibernation  Hex/Ice        4%         N/A       28%         2
 Spider Form              Tmut/Pois      4%         N/A       38%         3
 Inner Flame              Hex/Fire       2%         N/A       50%         3
 Kindle Blastsparks       Fire/Tloc/Air  4%         2d10      50%         3
 Portal Projectile        Hex/Tloc       4%         N/A       50%         3
 Tukima's Dance           Hex            2%         N/A       50%         3
 Petrify                  Tmut/Erth      12%        N/A       50%         4
 Flame Wave               Conj/Fire      3%         2d5       86%         4
 Anguish                  Hex/Necr       1%         N/A       88%         4
 Blade Hands              Tmut           3%         N/A       95%         5
 Irradiate                Conj/Tmut      2%         3d12      98%         5
 Dragon Form              Tmut           3%         N/A       100%        7


Dungeon Overview and Level Annotations

Branches:
Dungeon (2/15)

Altars:

Shops:
D:2 :


Innate Abilities, Weirdness & Mutations

You are immune to sickness and miasma.
Your stone body is resilient. (AC +3)
You are immune to poison.
You resist negative energy. (rN+)
You are resistant to electric shocks. (rElec)
You are resistant to unholy torment.
You are immune to petrification.


Message History

You can't see any susceptible monsters within range! (Use Z to cast anyway.) Unknown command.
You see here a worm corpse.
You now have 126 gold pieces (gained 11). 2 gnolls come into view.
The gnoll shouts!
You hear a shout!
A gnoll comes into view. It is wielding a +0 spear.
There are monsters nearby!
Unknown command.
A gnoll comes into view. It is wielding a +3 spear.
The gnoll shouts!
The gnoll hits you but does no damage.
The blast of sand hits the gnoll!
The gnoll is almost dead.
The gnoll hits you from afar with a +0 spear.
The gnoll hits you with a +0 flail.
The blast of sand hits the gnoll but does no damage.
The gnoll is almost dead.
The gnoll misses you. The gnoll closely misses you.
The gnoll hits you but does no damage.
The blast of sand hits the gnoll.
You kill the gnoll!
The blast of sand hits the gnoll!
The gnoll is severely wounded.
The gnoll hits you with a +0 flail.
The gnoll hits you from afar with a +0 spear. x2
* * * LOW HITPOINT WARNING * * *
The gnoll hits you with a +0 flail.
* * * LOW HITPOINT WARNING * * *
Okay, then.
Okay, then.
Casting: Sandblast (safe; 3% risk of failure)
Confirm with . or Enter, or press ? or * to list all spells.
Aiming: Sandblast (safe; 3% risk of failure)
Press: ? - help, Shift-Dir - straight line, f/p - gnoll
Aim: a gnoll, wielding a +0 flail (severely wounded, 84% to hit)
The blast of sand hits the gnoll!
You kill the gnoll!
The gnoll hits you from afar with a +0 spear.
You die...

#.#.#### #.#
#....#
#.#....#
##'########
####.# #....#
#...
####.###....#
#...
..#....'....#
#...
#g######....#
#... #g#
#....# #...
#)#
#....###...
#####@#
#.....##...
#.....#
#.....##...
#.#####
#.....#####
#.#
#.....#####
#.#
+..........
#.#
#..†..#####
#.#
##.........
#.#
#.########
#.# #.# #


You could see 2 gnolls.

Vanquished Creatures
  Robin (D:1)
  2 gnolls (D:2)
  An adder (D:2)
  A worm (D:2)
  A dart slug (D:2)
  An endoplasm (D:1)
  7 giant cockroaches
  7 goblins
  10 hobgoblins
  5 kobolds (D:1)
  6 quokkas
  4 ball pythons
  5 bats
  3 frilled lizards
  6 rats
60 creatures vanquished.

Notes
Turn   | Place    | Note
-------+----------+-------------------------------------------
     0 | D:1      | Zonian the Gargoyle Earth Elementalist began the quest for
                  | the Orb.
     0 | D:1      | Reached XP level 1. HP: 10/10 MP: 3/3
   354 | D:1      | Reached skill level 1 in Transmutations
   354 | D:1      | Reached XP level 2. HP: 15/15 MP: 3/5
  1094 | D:1      | Reached XP level 3. HP: 19/19 MP: 3/6
  1273 | D:1      | Found a faded altar of an unknown god.
  1415 | D:1      | Reached skill level 4 in Earth Magic
  1751 | D:2      | Found Rebren's Vocational Training.
  1751 | D:2      | Noticed Robin
  1768 | D:1      | Killed Robin
  1771 | D:1      | Reached XP level 4. HP: 10/24 MP: 0/7
  2815 | D:2      | Learned a level 3 spell: Stone Arrow
  3174 | D:2      | HP: 1/24 [gnoll/+0 flail (1)]
  3175 | D:2      | Slain by a gnoll

Illustrated notes

Levels and vault maps discovered:
D:1:      dpeg_arrival_orchard, layout_basic, chequers_ecumenical_altar_twisty,
          nrook_campfire, nicolae_concentric_dashed_squares_wild, st_stairs_10,
          serial_park_tiny_1, serial_bayou_pond_c, dk_noncrumbling_4,
          minmay_pentomino_o4
D:2:      layout_basic, nicolae_shop_vocational, uniq_robin

Skill      XL: |  1  2  3  4 |
---------------+-------------+-----
Transmutations | 1 |  1.4
Earth Magic    | 4 |  4.3
Dodging        | 2 |  2.2
Stealth        | 3 |  3.2
Spellcasting   | |  2.6
Conjurations   | |  0.4

Action                   |  1- 3 |  4- 6 || total
-------------------------+-------+-------++-------
Melee: Unarmed           |    15 |       ||    15
       Dagger            |    19 |    24 ||    43
 Cast: Sandblast         |    46 |    21 ||    67
 Stab: Sleeping          |     1 |     1 ||     2
Armor: Robe              |    25 |    17 ||    42
Dodge: Dodged            |    31 |    35 ||    66

Table legend: (Time is in decaauts)
 A = Elapsed time spent in this place.
 B = Non-inter-level travel time spent in this place.
 C = Inter-level travel time spent in this place.
 D = Time resting spent in this place.
 E = Time spent auto-exploring this place.
 F = Levels seen in this place.
 G = Mean time per level.
                   A        B        C        D        E       F      G
               +--------+--------+--------+--------+--------+-----+--------+
         Total |   3211 |   3172 |     39 |   1044 |   1649 |   2 | 1605.5 |
       Dungeon |   3211 |   3172 |     39 |   1044 |   1649 |   2 | 1605.5 |
               +--------+--------+--------+--------+--------+-----+--------+

Top non-repeatable levels by time:
     D:1: 2348 daAuts
     D:2: 863 daAuts
